 Dungeon Crawl Stone Soup version 0.23.1 (webtiles) character file.

Game seed: 12452329613460637881

2577 Monsterracer the Cleaver (level 9, -5/71 HPs)
             Began as a Demonspawn Gladiator on Mar 12, 2019.
             Was a Believer of Makhleb.
             Slain by a hornet (7 damage)
             ... on level 7 of the Dungeon.
             The game lasted 00:07:49 (7804 turns).

Monsterracer the Cleaver (Demonspawn Gladiator)     Turns: 7804, Time: 00:07:50

Health: -5/71      AC: 13    Str: 18    XL:     9   Next: 32%
Magic:  14/14      EV: 12    Int: 10    God:    Makhleb [**....]
Gold:   338        SH:  0    Dex: 14    Spells: 8/8 levels left

rFire    . . .     SeeInvis .   a - +0 war axe
rCold    + . .     Gourm    .   (no shield)
rNeg     . . .     Faith    .   i - +0 ring mail {rC+}
rPois    .         Spirit   .   f - +0 helmet
rElec    .         Reflect  .   m - scarf {repulsion}
rCorr    .         Harm     .   (no gloves)
MR       .....                  (no boots)
Stlth    ..........             (no amulet)
HPRegen  0.21/turn              o - +5 ring of protection
MPRegen  0.14/turn              (no ring)

@: lethally poisoned (-5 -> -38), slowed, repel missiles, very slow
A: hooves 1, icy blue scales 1
a: Minor Destruction, Renounce Religion


You were on level 7 of the Dungeon.
You worshipped Makhleb.
Makhleb was pleased with you.
You were very hungry.

You visited 1 branch of the dungeon, and saw 7 of its levels.

You collected 338 gold pieces.


Innate Abilities, Weirdness & Mutations

You have large cloven feet.
You are partially covered in icy blue scales. (AC +2)


   Skills:
 + Level 6.9 Fighting
 * Level 8.9 Axes
 - Level 1.7 Throwing
 + Level 0.5 Armour
 - Level 2.6 Dodging
 + Level 7.2 Invocations


You had 8 spell levels left.
You didn't know any spells.
Your spell library contained the following spells:

 Spells                   Type           Power        Failure   Level  Hunger
 Beastly Appendage        Tmut           #.....       56%         1    ##.....
 Confusing Touch          Hex            #.....       56%         1    ##.....
 Ensorcelled Hibernation  Hex/Ice        #.....       71%         2    ###....
 Sticks to Snakes         Tmut           #.......     71%         2    ###....
 Throw Frost              Conj/Ice       #.....       71%         2    ###....
 Confuse                  Hex            #.......     90%         3    ####...
 Dazzling Spray           Conj/Hex       #.....       90%         3    ####...
 Gell's Gravitas          Tloc           #.........   90%         3    ####...
 Portal Projectile        Hex/Tloc       #.....       90%         3    ####...
 Spider Form              Tmut/Pois      #.........   90%         3    ####...
 Ice Form                 Ice/Tmut       #.......     100%        4    #####..
 Petrify                  Tmut/Erth      #.......     100%        4    #####..
 Blade Hands              Tmut           #.........   100%        5    ######.
 Metabolic Englaciation   Hex/Ice        #.........   100%        5    ######.
 Yara's Violent Unravell  Hex/Tmut       #.........   100%        5    ######.
 Darkness                 Hex            #.........   100%        6    #######

Inventory:

Hand Weapons
 a - a +0 war axe (weapon)
Missiles
 d - 3 throwing nets (quivered) {!f}
Armour
 f - a +0 helmet (worn)
 i - a +0 ring mail of cold resistance (worn)
   (You found it on level 1 of the Dungeon)
 m - a scarf of repulsion (worn)
   (You found it on level 2 of the Dungeon)
 q - a +0 chain mail
   (You found it on level 1 of the Dungeon)
 v - a +0 cloak
   (You found it on level 5 of the Dungeon)
Jewellery
 o - a +5 ring of protection (left hand)
   (You took it off a kobold on level 3 of the Dungeon)
Wands
 p - a wand of flame (27)
   (You found it on level 3 of the Dungeon)
Scrolls
 b - 4 scrolls of magic mapping {unknown}
 e - 11 scrolls of identify {unknown}
 g - 3 scrolls of enchant weapon {unknown}
 l - a scroll of fog {unknown}
 s - 2 scrolls of enchant armour {unknown}
 t - a scroll of fear {unknown}
 u - 2 scrolls of teleportation {unknown}
 y - a scroll of vulnerability {unknown}
 E - a scroll of remove curse {unknown}
Potions
 h - 6 potions of curing
 j - 3 potions of cancellation {unknown}
 k - a potion of heal wounds {unknown}
 n - 2 potions of ambrosia {unknown}
 r - 2 potions of might {unknown}
 w - a potion of brilliance {unknown}
 x - a potion of haste {unknown}
 z - a potion of invisibility
 A - a potion of magic {unknown}
 B - a potion of lignification {unknown}
 C - a potion of agility {unknown}
 D - a potion of degeneration {unknown}
Comestibles
 c - 17 rations

Dungeon Overview and Level Annotations

Branches:
Dungeon (7/15)             Temple (0/1) D:5

Altars:
Ashenzari
Dithmenos
Fedhas
Kikubaaqudgha
Makhleb
Okawaru
Ru
Xom
The Shining One

Annotations:
D:7 Joseph

#.#(..# #.# #.#...# # #.#
#.#...# .# .....# #.#...#..##
#.#..# #.#........
#.#..###.#........ #....#
#.#..........#.... #....#
#.#...#<.#......## #....#
#@#...#..#.......
#....###y#...#..#........
.###.......S................
...........................##
..###.....##............#.@##
.............................
........#.##.....#.###.#. .##
.#####..#..#......... ...
###...................... .##


You could see a hornet and an adder.


Message History

Health restored: 71 No target in view!
You now have 331 gold pieces (gained 21).
D - a brown potion A quokka zombie comes into view.
Found 2 scrolls labeled GIAMICV HILECK.
Found a stone staircase leading up.
The quokka zombie closely misses you.
A quokka zombie is nearby!
You closely miss the quokka zombie. You kick the quokka zombie.
The quokka zombie is severely damaged.
The quokka zombie closely misses you.
You slash the quokka zombie!
You destroy the quokka zombie!
Makhleb accepts your kill.
No target in view!
b - 4 scrolls labeled GIAMICV HILECK (gained 2)
A crimson imp comes into view.
A crimson imp is nearby!
A crimson imp is nearby!
The crimson imp blinks!
The crimson imp is too close now for your liking.
The crimson imp closely misses you.
A crimson imp is nearby!
You miss the crimson imp. Your kick misses the crimson imp.
The crimson imp closely misses you.
You barely miss the crimson imp.
You kick the crimson imp, but do no damage.
The crimson imp misses you.
A crimson imp is nearby!
You slice the crimson imp!!
You kill the crimson imp!
Makhleb accepts your kill.
h - 6 potions of curing (gained 1);
y - a scroll labeled XIBBUEFFOE No target in view!
No target in view!
E - a scroll labeled FUSUQU JOMAMN No target in view!
You now have 338 gold pieces (gained 7).
The hornet is too close now for your liking.
A hornet is nearby!
The hornet buzzes angrily.
An adder comes into view.
The adder hisses angrily.
The hornet stings you but does no damage.
You slash the hornet! You kick the hornet, but do no damage.
The hornet is moderately wounded.
The hornet stings you!
You are poisoned.
You feel yourself slow down. The hornet completely misses you.
You take 8 damage, and have 63/71 hp.
You feel sick.
The hornet stings you but does no damage.
You take 2 damage, and have 61/71 hp.
You feel yourself speed up.
You feel sick. The hornet stings you!
You feel yourself slow down.
The hornet stings you but does no damage.
You take 12 damage, and have 49/71 hp.
You feel yourself speed up.
You feel sick.
The hornet stings you but does no damage.
You feel sick. The hornet barely misses you.
You take 1 damage, and have 48/71 hp.
Evoke which item? (* to show all) (? for menu, Esc to quit)
Aiming: Throw Flame
Press: ? - help, Shift-Dir - straight line, f - hornet
Aim: a hornet (moderately wounded)
The puff of flame hits the hornet.
The hornet is heavily wounded.
The hornet stings you!
You are more poisoned.
You feel yourself slow down.
You take 8 damage, and have 40/71 hp.
Unknown command.
Unknown command.
Press: ? - help, Shift-Dir - straight line, f/p - hornet
Aim: a hornet (heavily wounded)
The zap misses the hornet.
The zap misses the adder.
You feel yourself speed up.
You feel sick. The hornet stings you!
* * * LOW HITPOINT WARNING * * *
You feel yourself slow down. The hornet barely misses you.
You take 14 damage, and have 26/71 hp.
Press: ? - help, Shift-Dir - straight line, f/p - hornet
Aim: a hornet (heavily wounded)
The puff of flame misses the hornet.
The puff of flame misses the adder.
You feel yourself speed up.
You feel sick. The hornet stings you!
* * * LOW HITPOINT WARNING * * *
You are lethally poisoned!
You feel yourself slow down. The hornet stings you!
* * * LOW HITPOINT WARNING * * *
You are more poisoned.
You feel as though you will be slow longer.
The hornet stings you!
You die...

Skill      XL: |  1  2  3  4  5  6  7  8  9 |
---------------+----------------------------+-----
Axes           | 3 4 5 6 8 |  8.9
Fighting       | 3 4 5 6 |  6.9
Invocations    | 1 2 4 6 7 |  7.2
Throwing       | |  1.7
Armour         | |  0.5
Dodging        | |  2.6

Action                   |  1- 3 |  4- 6 |  7- 9 || total
-------------------------+-------+-------+-------++-------
Melee: War axe           |    93 |   153 |   302 ||   548
       Kick              |    15 |    40 |    94 ||   149
Throw: Throwing net      |       |       |     1 ||     1
Invok: Minor Destruction |       |       |     9 ||     9
Evoke: Wand              |       |       |     1 ||     1
  Eat: Chunk             |     1 |     7 |    13 ||    21
Armor: Chain mail        |    12 |     8 |       ||    20
       Ring mail         |    36 |    71 |   217 ||   324
Dodge: Dodged            |    49 |    87 |   264 ||   400
       Deflected         |       |     4 |    10 ||    14

Levels and vault maps discovered:
D:1:      denvon_arrival_planthouse, layout_basic, st_stairs_11,
          chequers_serial_rivers_micro_e, tso_altar
D:2:      layout_basic, ashenzari_conservatory_becter, first_ration,
          lemuel_altar_in_water, uniq_jessica
D:3:      layout_rooms, overflow_temple_1_default, fedhas_altar_1, uniq_natasha
D:4:      layout_layer_cave, old_standard_altar, minivault_26
D:5:      layout_basic, lemuel_crystal_altar, kiku_gazebo_pond_becter,
          minmay_temple_entry_statues_pillars, nicolae_ru_path_of_blood
D:6:      layout_gridville, uniq_eustachio, uniq_blork_the_orc, uniq_sigmund,
          uniq_grinder
D:7:      layout_basic, nicolae_overflow_crystal_walls, serial_shops, shop,
          basic_altar, minivault_5, minivault_14, uniq_joseph

Notes
Turn   | Place    | Note
-------+----------+-------------------------------------------
     0 | D:1      | Monsterracer the Demonspawn Gladiator began the quest for
                  | the Orb.
     0 | D:1      | Reached XP level 1. HP: 16/16 MP: 1/1
    79 | D:1      | Reached skill level 3 in Axes
    79 | D:1      | Gained mutation: You are partially covered in icy blue
                  | scales. (AC +2) [demonic ancestry]
    79 | D:1      | Reached XP level 2. HP: 23/23 MP: 2/2
   506 | D:1      | Gained mutation: You have large cloven feet. [demonic
                  | ancestry]
   506 | D:1      | Reached XP level 3. HP: 28/28 MP: 3/3
   510 | D:1      | Found a glowing golden altar of the Shining One.
   879 | D:2      | Found a shimmering altar of Xom.
  1319 | D:2      | Noticed Jessica
  1334 | D:2      | Killed Jessica
  1334 | D:2      | Reached skill level 4 in Axes
  1334 | D:2      | Reached XP level 4. HP: 31/35 MP: 4/4
  1388 | D:2      | Found a shattered altar of Ashenzari.
  1422 | D:2      | Reached XP level 5. HP: 31/42 MP: 5/5
  1588 | D:3      | Found a blossoming altar of Fedhas.
  1723 | D:3      | Found a burning altar of Makhleb.
  1737 | D:3      | Became a worshipper of Makhleb the Destroyer
  1803 | D:3      | Reached skill level 5 in Axes
  2039 | D:3      | Noticed Natasha
  2057 | D:3      | HP: 21/42 [gnoll/+0 whip (9)]
  2058 | D:3      | Reached skill level 1 in Invocations
  2058 | D:3      | Reached XP level 6. HP: 24/48 MP: 6/6
  2112 | D:2      | HP: 24/48 [something (2)]
  2293 | D:3      | Killed Natasha
  2340 | D:3      | Noticed Natasha
  2347 | D:3      | Killed Natasha
  2481 | D:3      | Noticed Natasha
  2486 | D:3      | Killed Natasha
  2588 | D:4      | Reached * piety under Makhleb
  2835 | D:4      | HP: 23/49 [worker ant (3)]
  2840 | D:4      | HP: 17/49 [poisoned by a worker ant]
  2845 | D:4      | HP: 13/49 [poisoned by a worker ant]
  2850 | D:4      | HP: 11/49 [poisoned by a worker ant]
  2857 | D:4      | HP: 9/49 [poisoned by a worker ant]
  2864 | D:4      | HP: 8/49 [poisoned by a worker ant]
  2872 | D:4      | HP: 8/49 [poisoned by a worker ant]
  3194 | D:4      | Reached XP level 7. HP: 55/55 MP: 7/9
  3364 | D:4      | Found a shadowy altar of Dithmenos.
  3484 | D:4      | Reached skill level 6 in Axes
  3509 | D:4      | HP: 27/55 [poisoned by a scorpion]
  3515 | D:4      | HP: 24/55 [poisoned by a scorpion]
  3522 | D:4      | HP: 22/55 [poisoned by a scorpion]
  3529 | D:4      | HP: 22/55 [poisoned by a scorpion]
  3537 | D:4      | HP: 21/55 [poisoned by a scorpion]
  4035 | D:5      | Entered Level 5 of the Dungeon
  4038 | D:5      | Found an iron altar of Okawaru.
  4043 | D:5      | Found a staircase to the Ecumenical Temple.
  4119 | D:5      | Reached skill level 5 in Fighting
  4194 | D:5      | Found an ancient bone altar of Kikubaaqudgha.
  4520 | D:5      | Reached ** piety under Makhleb
  4561 | D:5      | Identified Diopupo's Handbook of Congealing Hexes
  4681 | D:5      | Reached XP level 8. HP: 62/62 MP: 11/11
  4789 | D:5      | Reached skill level 7 in Axes
  4902 | D:5      | HP: 17/63 [ogre/+0 giant spiked club (25)]
  5203 | D:5      | Found a sacrificial altar of Ru.
  5358 | D:5      | Reached skill level 5 in Invocations
  5502 | D:6      | Noticed Grinder
  5778 | D:6      | Noticed Blork the orc
  5900 | D:6      | Noticed Sigmund
  5908 | D:6      | Killed Sigmund
  6059 | D:6      | Noticed Eustachio
  6152 | D:7      | Noticed Joseph
  6153 | D:7      | Noticed a hornet
  6166 | D:6      | HP: 32/64 [poisoned by Eustachio]
  6171 | D:6      | HP: 23/64 [poisoned by Eustachio]
  6176 | D:6      | HP: 17/64 [poisoned by Eustachio]
  6182 | D:6      | HP: 14/64 [poisoned by Eustachio]
  6189 | D:6      | HP: 12/64 [poisoned by Eustachio]
  6196 | D:5      | HP: 12/64 [poisoned by Eustachio]
  6204 | D:5      | HP: 9/64 [poisoned by Eustachio]
  6505 | D:6      | HP: 32/64 [ufetubus[Eustachio] (3)]
  6509 | D:6      | Killed Eustachio
  6509 | D:6      | Reached skill level 8 in Axes
  6511 | D:6      | HP: 23/64 [poisoned by Eustachio]
  6517 | D:6      | HP: 21/64 [poisoned by Eustachio]
  6523 | D:6      | HP: 21/64 [poisoned by Eustachio]
  6531 | D:6      | HP: 20/64 [poisoned by Eustachio]
  6817 | D:6      | Paralysed by Grinder for 2 turns
  6843 | D:6      | Killed Grinder
  6843 | D:6      | Reached XP level 9. HP: 39/71 MP: 13/13
  7292 | D:6      | Killed Blork the orc
  7803 | D:7      | HP: 26/71 [hornet (11)]
  7804 | D:7      | HP: 2/71 [hornet (13)]
  7804 | D:7      | Slain by a hornet

Vanquished Creatures
  Grinder (D:6)
  Eustachio (D:6)
  Sigmund (D:6)
  A phantom (D:5)
  2 sky beasts (D:5 D:7)
  2 ice beasts (D:5 D:6)
  2 ogres (D:5)
  2 centaurs (D:6)
  Blork the orc (D:6)
  A scorpion (D:4)
  A howler monkey (D:5)
  3 wights (D:6)
  A centaur zombie (D:3)
  3 crimson imps (D:5 D:7)
  A quasit (D:5)
  2 hounds (D:4)
  A centaur skeleton (D:4)
  An orc priest (D:2)
  3 orc wizards (D:2 D:4)
  An iguana (D:6)
  Jessica (D:2)
  2 bullfrog skeletons (D:4 D:5)
  Natasha (thrice) (D:3)
  7 worker ants (D:4 D:5 D:7)
  A hound zombie (D:5)
  A worker ant zombie (D:6)
  9 adders (D:2 D:3 D:5 D:6)
  7 gnolls (D:3)
  2 shadow imps (D:5)
  3 worms (D:2 D:3 D:5)
  A dart slug (D:1)
  2 leopard geckos (D:2 D:5)
  15 orcs (D:2 D:3 D:4)
  A ball python (D:2)
  8 giant cockroaches (D:1 D:2 D:4 D:5 D:6)
  8 goblins (D:1 D:2 D:3)
  6 hobgoblins (D:1 D:2)
  12 jackals (D:3 D:4 D:5)
  8 kobolds (D:1 D:2 D:3)
  A quokka (D:5)
  4 bats (D:1)
  10 frilled lizards (D:1 D:2 D:4 D:5)
  A quokka zombie (D:7)
  3 rats (D:1 D:2)
147 creatures vanquished.

Table legend:
 A = Turns spent in this place as a percentage of turns spent in the entire game.
 B = Non-inter-level travel turns spent in this place as a percentage of non-inter-level travel turns spent in the entire game.
 C = Inter-level travel turns spent in this place as a percentage of turns spent in this place.
 D = Turns resting spent in this place as a percentage of non-inter-level travel turns spent in this place.
 E = Turns spent auto-exploring this place as a percentage of non-inter-level travel turns spent in this place.
 F = Non-inter-level travel turns spent in this place divided by the number of levels of this place that you've seen.
                   A       B       C       D       E      F
               +-------+-------+-------+-------+-------+----------------------
         Total | 100.0 | 100.0 |   3.1 |   9.3 |  74.0 | 1080.3
       Dungeon | 100.0 | 100.0 |   3.1 |   9.3 |  74.0 | 1080.3
               +-------+-------+-------+-------+-------+----------------------

Table legend:
 A = Non-vault XP
 B = Vault XP
 C = Vault XP percentage of total XP
 D = Non-vault monster count
 E = Vault monster count
 F = Vault count percentage of total count
                 A         B        C        D         E       F
            +---------+---------+-------+---------+---------+-------
      Total |    2807 |     875 |  23.8 |     136 |      11 |   7.5
            +---------+---------+-------+---------+---------+-------
        D:1 |      32 |      10 |  23.8 |      19 |       5 |  20.8
        D:2 |     181 |      37 |  17.0 |      21 |       1 |   4.5
        D:3 |     276 |      35 |  11.3 |      26 |       1 |   3.7
        D:4 |     387 |       0 |   0.0 |      25 |       0 |   0.0
        D:5 |    1081 |       0 |   0.0 |      28 |       0 |   0.0
        D:6 |     631 |     793 |  55.7 |      13 |       4 |  23.5
        D:7 |     219 |       0 |   0.0 |       4 |       0 |   0.0
            +---------+---------+-------+---------+---------+-------
